 Dungeon Crawl Stone Soup version 0.20.1-1-g8b1a95d (webtiles) character file.

86 vatarom the Grave Robber (level 4, -1/34 HPs)
             Began as a Demonspawn Necromancer on Oct 10, 2017.
             Killed by nerve-wracking pain
             ... invoked by an orc priest
              (5 damage)
             ... on level 3 of the Dungeon.
             The game lasted 00:07:22 (3404 turns).

vatarom the Grave Robber (Demonspawn Necromancer)   Turns: 3404, Time: 00:07:23

Health: -1/34      AC:  4    Str:  9 (10) XL:     4   Next: 26%
Magic:  1/8        EV: 12    Int: 14 (16) God:
Gold:   118        SH:  0    Dex: 13      Spells: 0/8 levels left

rFire    + . .     SeeInvis .   e - +1 spear (flame)
rCold    . . .     Gourm    .   (no shield)
rNeg     . . .     Faith    .   a - +0 robe
rPois    .         Spirit   .   r - +2 hat
rElec    .         Reflect  .   (no cloak)
rCorr    .         Harm     .   (no gloves)
MR       .....                  (no boots)
Stlth    ++........             (no amulet)
Regen    0.2/turn               (no ring)
MPRegen  0.2/turn               (no ring)

@: no status effects
A: fire resistance 1
a: no special abilities


You were on level 3 of the Dungeon.
You were not hungry.

You visited 1 branch of the dungeon, and saw 3 of its levels.

You collected 118 gold pieces.

Inventory:

Hand Weapons
 d - a +1 dagger
 e - a +1 spear of flaming (weapon)
Armour
 a - a +0 robe (worn)
 r - a +2 hat (worn)
Wands
 m - a wand of random effects (12/48)
Scrolls
 f - a scroll of remove curse
 i - 2 scrolls of identify
 j - a scroll of enchant weapon
 p - a scroll of immolation
Potions
 h - a potion of brilliance
 k - a potion of berserk rage {unknown}
 n - a potion of resistance
 o - a potion of haste {unknown}
 q - a potion of might {unknown}
Books
 b - a book of Necromancy

   Spells                             Type                      Level
   a - Pain                           Necromancy                   1
   b - Animate Skeleton               Necromancy                   1
   c - Vampiric Draining              Necromancy                   3
   d - Regeneration                   Charms/Necromancy            3
   e - Animate Dead                   Necromancy                   4
   f - Control Undead                 Necromancy                   4
Comestibles
 c - 3 bread rations
 g - 5 chunks of flesh
 l - a royal jelly


   Skills:
 * Level 2.7 Fighting
 - Level 1.7 Dodging
 - Level 1.7 Stealth
 * Level 2.8 Spellcasting
 + Level 4.8 Necromancy


You couldn't memorise any spells.
You knew the following spells:

 Your Spells              Type           Power        Failure   Level  Hunger
a - Pain                  Necr           ###.         3%          1    #......
b - Animate Skeleton      Necr           N/A          3%          1    #......
c - Vampiric Draining     Necr           ###.......   9%          3    ###....
d - Regeneration          Chrm/Necr      #.........   24%         3    ###....


Dungeon Overview and Level Annotations

Branches:
Dungeon (3/15)

Altars:
Vehumet
Xom


Innate Abilities, Weirdness & Mutations

Your flesh is heat resistant. (rF+)


Message History

Casting: Vampiric Draining
Confirm with . or Enter, or press ? or * to list all spells.
You don't have enough magic to cast that spell.
Unknown command.
Okay, then.
You hit the orc priest. You burn the orc priest.
The orc priest is almost dead.
The orc priest hits you with a hand axe.
* * * LOW HITPOINT WARNING * * *
The orc barely misses you.
Unknown command.
You hit the orc priest but do no damage.
The orc priest is almost dead.
The orc priest misses you. The orc misses you.
Unknown command.
You hit the orc priest but do no damage.
The orc priest is almost dead.
The orc priest invokes the aid of Beogh against you.
Pain shoots through your body!
You die...

#.. .. #.... ####
#.. .... #.. #..#
#.. #..#
###..#####..######
.....##.........#
#...##o#...###.###
#...##............
#..@##.#..........
#..ooo....#.......
###.#####.#.......
#.# #.#....... #.#
#.#......> ..#
#.#....... ###
#.######## #
########.# #
#........#


You could see an orc priest and 2 orcs.

Vanquished Creatures
  3 adders
  A worm (D:3)
  2 dart slugs (D:2)
  A leopard gecko (D:3)
  An orc (D:3)
  6 bats
  3 giant cockroaches
  6 goblins
  2 hobgoblins (D:2)
  A jackal (D:2)
  14 kobolds
  2 quokkas (D:3)
  4 frilled lizards
  2 rats
48 creatures vanquished.

Vanquished Creatures (collateral kills)
  A goblin (D:1)
  A bat (D:1)
  A rat (D:1)
3 creatures vanquished.

Grand Total: 51 creatures vanquished

Notes
Turn   | Place    | Note
-------+----------+-------------------------------------------
     0 | D:1      | vatarom the Demonspawn Necromancer began the quest for the Orb.
     0 | D:1      | Reached XP level 1. HP: 13/13 MP: 3/3
   303 | D:1      | Learned a level 1 spell: Animate Skeleton
   595 | D:1      | Reached skill level 1 in Fighting
   611 | D:1      | Gained mutation: Your flesh is heat resistant. (rF+) [demonic ancestry]
   611 | D:1      | Reached XP level 2. HP: 18/21 MP: 5/5
  1427 | D:2      | Reached XP level 3. HP: 14/27 MP: 1/6
  1440 | D:2      | HP: 2/40 [poisoned by an adder]
  1755 | D:2      | Learned a level 3 spell: Vampiric Draining
  2414 | D:2      | Found a shimmering altar of Xom.
  2580 | D:2      | Found a radiant altar of Vehumet.
  2953 | D:3      | Reached XP level 4. HP: 15/34 MP: 1/8
  3015 | D:3      | Learned a level 3 spell: Regeneration
  3404 | D:3      | Killed from afar by an orc priest

Skill      XL: |  1  2 |
---------------+-------+-----
Fighting       | 1 2 |  2.7
Dodging        | |  1.7
Stealth        | |  1.7
Spellcasting   | |  2.8
Necromancy     | |  4.8

Action                   |  1- 3 |  4- 6 || total
-------------------------+-------+-------++-------
Melee: Dagger            |   102 |       ||   102
       Spear             |    30 |    20 ||    50
 Cast: Pain              |    53 |     8 ||    61
       Animate Skeleton  |     4 |       ||     4
       Vampiric Draining |       |     2 ||     2
  Use: Potion            |     5 |       ||     5
       Scroll            |     8 |       ||     8
 Stab: Sleeping          |     4 |     1 ||     5
  Eat: Chunk             |     7 |     2 ||     9
Armor: Robe              |    48 |     2 ||    50
Dodge: Dodged            |   103 |    16 ||   119
